cohdb
Replays
Latest Replays
All Replays
Popular Replays
Top Player Replays
Match Explorer
How It Works
Community
CoH3 Stats
Reddit
Sign in to upload your games and track your stats! →
Sign in with Steam
Match 43374672
Unlisted
Match 43374672
Overview
Messages
Build Orders
End
Kettenkrad Recon Vehicle
Selects Terror Battlegroup
Selects Machine Gun Camouflage
Construct Infanterie Kompanie
MG 42 Machine Gun Team
MG 42 Machine Gun Team
MG 42 Machine Gun Team
MG 42 Machine Gun Team
Construct Luftwaffe Kompanie
Medical Bunker
221 Scout Car
Selects Interrogate
Jäger Squad
Jäger Squad
Pioneer Squad
Luftwaffe Officer Quarters
Selects Jericho Trumpet
Construct Panzer Kompanie
只愛❤毛妹
Lergen
0
0
Comments
sign in to comment!
No comments posted yet!